 Dungeon Crawl Stone Soup version 0.29-a0-422-gafbd6decc1 (webtiles) character file.

Game seed: 3426020988215544561

36 bande the Covered (level 3, 24/24 HPs)
             Began as a Gargoyle Fighter on May 19, 2022.
             Quit the game on level 2 of the Dungeon.
             The game lasted 00:02:37 (986 turns).

bande the Covered (Gargoyle Fighter)                 Turns: 986, Time: 00:02:38

Health: 24/24      AC: 10    Str: 19    XL:     3   Next: 37%
Magic:  3/3        EV:  9    Int:  8    God:
Gold:   133        SH:  4    Dex: 11    Spells: 2/2 levels left

rFire   . . .      SeeInvis .   a - +0 war axe
rCold   . . .      Faith    .   c - +0 buckler
rNeg    + . .      Spirit   .   b - +0 scale mail
rPois   ∞          Reflect  .   (helmet restricted)
rElec   +          Harm     .   (no cloak)
rCorr   .          Rampage  .   (no gloves)
Will    .....                   k - +2 pair of boots
Stlth   ..........              (no amulet)
HPRegen 0.08/turn               (no ring)
MPRegen 0.08/turn               (no ring)

@: studying Necromancy
A: sickness immunity, AC +3, negative energy resistance 1, electricity
resistance, torment resistance 1, petrification resistance, horns 1, deformed
body
a: no special abilities


You were on level 2 of the Dungeon.
You visited 1 branch of the dungeon, and saw 2 of its levels.

You collected 133 gold pieces.

Inventory:

Hand Weapons
 a - a +0 war axe (weapon)
Armour
 b - a +0 scale mail (worn)
 c - a +0 buckler (worn)
 k - a +2 pair of boots (worn)
Potions
 d - a potion of might
 h - a potion of brilliance
 i - a potion of magic {unknown}
 j - a potion of invisibility {unknown}


   Skills:
 + Level 3.7 Fighting
 + Level 2.2 Axes
 + Level 3.8 Armour
 - Level 0.2 Dodging
 + Level 3.5 Shields


You had 2 spell levels left.
You didn't know any spells.
Your spell library was empty.

Dungeon Overview and Level Annotations

Branches:
Dungeon (2/15)

Altars:


Innate Abilities, Weirdness & Mutations

You are immune to sickness and miasma.
Your stone body is resilient. (AC +3)
You are immune to poison.
You resist negative energy. (rN+)
You are resistant to electric shocks. (rElec)
You are resistant to unholy torment.
You are immune to petrification.
You have a pair of small horns on your head.
Armour fits poorly on your strangely shaped body.


Message History

A kobold comes into view. It is wielding a +0 dagger of draining.
The kobold shouts!
There is an open door here.
Found a pair of embroidered boots.
The kobold barely misses you.
You closely miss the kobold.
The kobold hits you with a +0 dagger of draining.
The kobold barely misses you.
You barely miss the kobold. The kobold closely misses you.
You hit the kobold.
You kill the kobold!
No target in view!
No target in view!
No target in view!
No target in view!
No target in view!
You see here a +0 dagger of draining.
Found 22 stones.
You see here a +2 pair of boots.
k - a +2 pair of boots You start putting on your armour.
You continue putting on your +2 pair of boots. x4
You finish putting on your +2 pair of boots.
As you read the scroll labelled VOPTUI XYWUVIFO, it crumbles to dust.
It is a scroll of identify.
e - 2 potions of mutation
As you read the scroll labelled JACOQE QAAMN, it crumbles to dust.
You feel aware of your surroundings.
It was a scroll of magic mapping.
As you read the scroll of identify, it crumbles to dust.
h - a potion of brilliance Really quaff the potion of mutation?
You feel extremely strange.
You lose the ability to read scrolls when threatened.
A pair of horns grows on your head!
Your mouth lengthens and hardens into a beak!
Really quaff the potion of mutation?
You feel extremely strange.
Your beak shortens and softens into a mouth.
You can once more read scrolls while threatened.
Your body twists and deforms.
Are you sure you want to abandon this character and quit the game? (Confirm with "yes".)

,,,,,,,,,*,* *,* *,*********,**
,,,,,,,,,*,* *,****,,,,,,,,,,,**
,,,,,,,,,*,****,,,,,,,,,,,,,,****
,,,,,,,,,#,,,,,,,,,,,,,,,,**** *
,8,8,8,8,#.,,,,,,,,,,,,,,,* *
##########.##########************
.............(.......,,,,,,,,,,,,
..........##.....#***************
..........##....@#*,,,,,,,,,,,*
...........+.....+,,,,,,,,,,,,*
........#.##.....##.#**********
........'.)..........,,,,,,,*
........#.#########.#******,*
#######.#...,,,,,,,,..,,,,*,*
#.###########.*#***,*,*
#.............,,,,,,*,*
##########..#######.*******,*


There were no monsters in sight!

Vanquished Creatures
  An adder (D:2)
  A worm (D:2)
  A dart slug (D:1)
  An endoplasm (D:1)
  A giant cockroach (D:2)
  2 goblins
  2 hobgoblins (D:1)
  A quokka (D:1)
  4 ball pythons
  A bat (D:1)
  2 frilled lizards (D:1)
  3 kobolds
  3 rats (D:1)
23 creatures vanquished.

Notes
Turn   | Place    | Note
-------+----------+-------------------------------------------
     0 | D:1      | bande the Gargoyle Fighter began the quest for the Orb.
     0 | D:1      | Reached XP level 1. HP: 14/14 MP: 1/1
   107 | D:1      | Reached XP level 2. HP: 19/19 MP: 2/2
   131 | D:1      | Found a faded altar of an unknown god.
   772 | D:2      | Reached XP level 3. HP: 17/24 MP: 3/3
   984 | D:2      | Gained mutation: You sometimes lose the ability to read
                  | scrolls when taking damage. [potion of mutation]
   984 | D:2      | Gained mutation: You have a pair of small horns on your
                  | head. [potion of mutation]
   984 | D:2      | Gained mutation: You have a beak for a mouth. [potion of
                  | mutation]
   985 | D:2      | Lost mutation: You have a beak for a mouth. [potion of
                  | mutation]
   985 | D:2      | Lost mutation: You sometimes lose the ability to read
                  | scrolls when taking damage. [potion of mutation]
   985 | D:2      | Gained mutation: Armour fits poorly on your strangely
                  | shaped body. [potion of mutation]
   986 | D:2      | Quit the game

Illustrated notes

Levels and vault maps discovered:
D:1:      dpeg_arrival_windows_large_door, layout_rooms,
          hellmonk_ecumenical_altar_crossroads
D:2:      kennysheep_the_goblin_king, layout_basic

Skill      XL: |  1  2 |
---------------+-------+-----
Axes           | 2 |  2.2
Fighting       | |  3.7
Armour         | |  3.8
Dodging        | |  0.2
Shields        | |  3.5

Action                   || total
-------------------------++-------
Melee: War axe           ||    72
  Use: Scroll            ||     3
       Potion            ||     2
Armor: Scale mail        ||    40
Dodge: Dodged            ||    21
Block: Buckler           ||    15

Table legend: (Time is in decaauts)
 A = Elapsed time spent in this place.
 B = Non-inter-level travel time spent in this place.
 C = Inter-level travel time spent in this place.
 D = Time resting spent in this place.
 E = Time spent auto-exploring this place.
 F = Levels seen in this place.
 G = Mean time per level.
                   A        B        C        D        E       F      G
               +--------+--------+--------+--------+--------+-----+--------+
         Total |   1017 |   1017 |      0 |      0 |    798 |   2 |  508.5 |
       Dungeon |   1017 |   1017 |      0 |      0 |    798 |   2 |  508.5 |
               +--------+--------+--------+--------+--------+-----+--------+

Top non-repeatable levels by time:
     D:1: 688 daAuts
     D:2: 328 daAuts
